 Dungeon Crawl Stone Soup version 0.28.0-62-gf88900778d (webtiles) character file.

Game seed: 9816283222835341058

443 Froggeryz the Cutter (level 7, -3/49 HPs)
             Began as an Octopode Berserker on Aug 11, 2023.
             Was a Believer of Trog.
             Succumbed to a gnoll sergeant's poison
             ... on level 5 of the Dungeon.
             The game lasted 00:03:41 (5904 turns).

Froggeryz the Cutter (Octopode Berserker)           Turns: 5904, Time: 00:03:42

Health: -3/49      AC:  1    Str: 16    XL:     7   Next: 2%
Magic:  7/7        EV: 14    Int: 10    God:    Trog [**....]
Gold:   121        SH:  0    Dex: 13    Spells: 6/6 levels left

rFire   . . .      SeeInvis .   f - +1 dagger (protect)
rCold   . . .      Faith    .   (no shield)
rNeg    . . .      Spirit   .   (helmet restricted)
rPois   +          Reflect  .   (no amulet)
rElec   .          Harm     .   b - ring of poison resistance
rCorr   .          Rampage  .   (no ring)
Will    .....                   (no ring)
Stlth   +++.......              (no ring)
HPRegen 0.16/turn               (no ring)
MPRegen 0.10/turn               (no ring)
                                (no ring)
                                (no ring)

@: lethally poisoned (-3 -> -17)
A: almost no armour, amphibious, 8 rings, camouflage 1, gelatinous body 1,
(nimble swimmer 1), tentacles
a: Renounce Religion, Berserk, Trog's Hand


You were on level 5 of the Dungeon.
You worshipped Trog.
Trog was pleased with you.
You visited 1 branch of the dungeon, and saw 5 of its levels.

You collected 121 gold pieces.

Inventory:

Hand Weapons
 a - a +0 short sword
 f - a +1 dagger of protection (weapon)
Missiles
 e - 2 poisoned darts (quivered)
 p - a boomerang
Jewellery
 b - a ring of poison resistance (left tentacle)
Wands
 n - a wand of iceblast (7)
Scrolls
 c - 2 scrolls of teleportation
 d - a scroll of immolation {unknown}
 g - a scroll of enchant weapon {unknown}
 h - a scroll of noise {unknown}
 k - 2 scrolls of holy word
 q - a scroll of blinking
 r - a scroll of identify
Potions
 i - a potion of might {unknown}
 j - a potion of flight {unknown}
 l - a potion of magic {unknown}
 m - a potion of berserk rage {unknown}


   Skills:
 + Level 4.5 Fighting
 * Level 5.9 Short Blades
 - Level 4.1 Dodging
 + Level 2.3 Stealth


You had 6 spell levels left.
You didn't know any spells.
Your spell library was empty.

Dungeon Overview and Level Annotations

Branches:
Dungeon (5/15)             Temple (0/1) D:4

Altars:
Zin


Innate Abilities, Weirdness & Mutations

You cannot wear most types of armour.
You are amphibious.
You can wear up to eight rings at the same time.
Your skin changes colour to match your surroundings (Stealth+).
Your rubbery body absorbs attacks. (AC +1, EV +1)
((You are camouflaged when in or above water. (Stealth+)))
You have tentacles for arms and can constrict up to eight enemies at once.


Message History

You constrict the hound. The hound completely misses you.
You hit the hound.
The hound is almost dead.
You constrict the hound. The hound misses you. x2
You hit the hound but do no damage.
The hound is almost dead.
You constrict the hound.
You kill the hound!
Trog accepts your kill.
You have reached level 7!
HP restored.
A gnoll sergeant comes into view. It is wielding a +4 spear of venom.
The gnoll sergeant shouts!
A gnoll sergeant is nearby!
A gnoll sergeant is nearby!
The gnoll sergeant hits you from afar with a +4 spear of venom!
You are poisoned.
You feel very sick.
The gnoll sergeant hits you with a +4 spear of venom!
You are more poisoned.
You are too injured to fight recklessly!
You feel very sick.
The gnoll sergeant hits you from afar with a +4 spear of venom.
* * * LOW HITPOINT WARNING * * *
* * * LOW HITPOINT WARNING * * *
You feel very sick.
* * * LOW HITPOINT WARNING * * *
You feel sick.
* * * LOW HITPOINT WARNING * * *
You feel sick.
* * * LOW HITPOINT WARNING * * *
You feel sick.
* * * LOW HITPOINT WARNING * * *
You feel sick.
There is a stone staircase leading up here.
You feel better.
The gnoll sergeant hits you from afar with a +4 spear of venom!
* * * LOW HITPOINT WARNING * * *
You are lethally poisoned!
You die...

####..#.....#
.##..........#
........##.#
#..........##
##..........#
..........####
..##<....g...####
. #.##...$......
## #..@#.#####
#.....#.#
.....#..###
.....#...
.........
.......... ...
...... ........


You could see a gnoll sergeant.

Vanquished Creatures
  Blork the orc (D:4)
  A scorpion (D:4)
  A bullfrog skeleton (D:3)
  A hound (D:5)
  An orc priest (D:3)
  A centaur skeleton (D:5)
  An orc wizard (D:3)
  3 gnolls (D:2)
  4 adders
  An adder skeleton (D:4)
  A worm (D:3)
  3 dart slugs
  8 orcs (D:3)
  4 bats
  8 endoplasms
  3 giant cockroaches
  7 hobgoblins
  7 jackals (D:3)
  10 kobolds
  3 quokkas
  7 ball pythons
  3 frilled lizards
  14 goblins
  6 rats
99 creatures vanquished.

Notes
Turn   | Place    | Note
-------+----------+-------------------------------------------
     0 | D:1      | Froggeryz the Octopode Berserker began the quest for the
                  | Orb.
     0 | D:1      | Reached XP level 1. HP: 16/16 MP: 1/1
   217 | D:1      | Reached XP level 2. HP: 18/21 MP: 2/2
   575 | D:1      | Found a faded altar of an unknown god.
   978 | D:1      | Reached ** piety under Trog
   979 | D:1      | Reached XP level 3. HP: 18/26 MP: 3/3
  1823 | D:2      | Reached skill level 4 in Short Blades
  1823 | D:2      | Reached XP level 4. HP: 6/31 MP: 4/4
  3368 | D:3      | Reached XP level 5. HP: 21/37 MP: 5/5
  4359 | D:3      | Reached skill level 5 in Short Blades
  4361 | D:3      | Reached XP level 6. HP: 43/43 MP: 6/6
  4406 | D:3      | Found a glowing silver altar of Zin.
  5332 | D:4      | Found a staircase to the Ecumenical Temple.
  5383 | D:4      | Noticed Blork the orc
  5395 | D:4      | Killed Blork the orc
  5396 | D:4      | Reached skill level 1 in Stealth
  5862 | D:5      | Entered Level 5 of the Dungeon
  5878 | D:5      | Reached XP level 7. HP: 46/49 MP: 7/7
  5902 | D:5      | HP: 1/49 [poisoned by a gnoll sergeant]
  5904 | D:5      | Succumbed to a gnoll sergeant's poison

Illustrated notes

Levels and vault maps discovered:
D:1:      dpeg_arrival_shrine, layout_basic, ebering_ecumenical_altar_abandoned
D:2:      layout_rooms
D:3:      layout_loops_corners, marbit_many_paths,
          amcnicky_mini_rare_corridor_liquid
D:4:      layout_basic, minmay_temple_entry_glassed_door, uniq_blork_the_orc
D:5:      layout_cave_pools, grunt_temple_overflow_open,
          nzn_wu_jian_contemplation, serial_gnoll_camp, gnoll_camp_mini_hut,
          gnoll_camp_huts_basic, gnoll_camp_mini_shop, gnoll_camp_mini_hut,
          gnoll_camp_mini_basic, ebering_ghost_disaster_area, serial_shops,
          shop, grunt_ministairs_1, minmay_misc_feat_iff

Skill      XL: |  1  2  3  4  5  6 |
---------------+-------------------+-----
Short Blades   | 4 5 |  5.9
Fighting       | 4 |  4.5
Dodging        | 4 |  4.1
Stealth        | 2 |  2.3

Action                   |  1- 3 |  4- 6 |  7- 9 || total
-------------------------+-------+-------+-------++-------
Melee: Short sword       |    72 |   119 |       ||   191
       Constrict         |    12 |    32 |       ||    44
       Punch             |     1 |     4 |       ||     5
       Tentacles         |     8 |    30 |       ||    38
       Dagger            |       |    34 |       ||    34
Invok: Berserk           |     1 |     4 |       ||     5
       Trog's Hand       |       |     1 |       ||     1
  Use: Scroll            |       |     5 |       ||     5
       Potion            |       |     1 |     1 ||     2
 Stab: Sleeping          |    11 |    11 |       ||    22
Armor: Skin              |     2 |     5 |       ||     7
Dodge: Dodged            |    42 |    90 |       ||   132
